 Dungeon Crawl Stone Soup version 0.30.0-19-gbf45117a57 (webtiles) character file.

Game seed: 7071070289771339760

92 qw the Chopper (level 4, 0/28 HPs)
             Began as a Gargoyle Fighter on May 25, 2023.
             Slain by a gnoll
             ... wielding a +0 spear
              (2 damage)
             ... on level 2 of the Dungeon.
             The game lasted 00:00:41 (1158 turns).

qw the Chopper (Gargoyle Fighter)                   Turns: 1158, Time: 00:00:42

Health: 0/28       AC: 10    Str: 21    XL:     4   Next: 60%
Magic:  4/4        EV:  9    Int:  9    God:
Gold:   116        SH:  4    Dex:  9    Spells: 3/3 levels left

rFire   . . .        Y - +0 war axe
rCold   . . .        c - +0 buckler
rNeg    + . .        b - +0 scale mail
rPois   inf          (no helmet)
rElec   +            (no cloak)
rCorr   .            (no gloves)
SInv    .            (no boots)
Will    .....        (no amulet) Stlth
                     (no ring)
HPRegen 0.24/turn    (no ring)
MPRegen 0.09/turn

%: no passive effects
@: no status effects
A: sickness immunity, AC +3, negative energy resistance 1, electricity
resistance, torment resistance 1, petrification resistance
a: no special abilities


You were on level 2 of the Dungeon.
You visited 1 branch of the dungeon, and saw 2 of its levels.

You collected 116 gold pieces.


Innate Abilities, Weirdness & Mutations

You are immune to sickness and miasma.
Your stone body is resilient. (AC +3)
You are immune to poison.
You resist negative energy. (rN+)
You are resistant to electric shocks. (rElec)
You are resistant to unholy torment.
You are immune to petrification.


   Skills:
 - Level 3.2 Fighting
 + Level 4.2 Axes
 - Level 3.2 Armour
 - Level 3.2 Shields


You had 3 spell levels left.
You didn't know any spells.
Your spell library was empty.

Inventory:

Hand Weapons
 i - a +0 club
 Y - a +0 war axe (weapon)
Armour
 b - a +0 scale mail (worn)
 c - a +0 buckler (worn)
Scrolls
 a - 2 scrolls of amnesia {unknown}
Potions
 d - a potion of might
 e - a potion of heal wounds {unknown}
 g - a potion of lignification {unknown}

Dungeon Overview and Level Annotations

Branches:
Dungeon (2/15)

Altars:


Message History

The gnoll closely misses you. You block the gnoll's attack.
You completely miss the gnoll.
An adder comes into view.
The gnoll hits you from afar with a +0 spear.
The gnoll hits you but does no damage. x2
The adder hisses angrily.
You slash the gnoll!
The gnoll is heavily wounded.
You block the gnoll's attack. The gnoll barely misses you.
The gnoll hits you with a +0 club.
You slash the gnoll!
You kill the gnoll!
The gnoll closely misses you. You block the gnoll's attack.
The gnoll closely misses you.
The gnoll hits you from afar with a +0 spear.
The gnoll completely misses you.
The gnoll hits you from afar with a +0 spear!
You block the gnoll's attack.
You see here an adder corpse.
You slash the gnoll!
The gnoll is severely wounded.
You hit the gnoll.
You block the gnoll's attack. x2; The gnoll barely misses you.
You barely miss the gnoll.
The gnoll is severely wounded.
You hit the gnoll. The gnoll barely misses you.
The gnoll hits you with a +0 spear.
The gnoll hits you from afar with a +0 spear.
You hit the gnoll.
You kill the gnoll!
You hit the gnoll. The gnoll hits you but does no damage.
The gnoll hits you with a +0 spear. The adder bites you.
The gnoll barely misses you.
The gnoll hits you from afar with a +0 spear.
You closely miss the gnoll.
The gnoll is severely wounded.
You miss the adder. The adder barely misses you. You block the gnoll's attack.
The gnoll hits you from afar with a +0 spear.
You die...

# ## .#......#
.#### .#...$...#
..... #........#
..... #........
..#.# ....... .##
# ...g# ## #Sg#
.###############@#
..#.#.........#).#
.................#
.#################
[# ## #


You could see 2 gnolls and an adder.

Vanquished Creatures
  2 gnolls (D:2)
  3 adders (D:2)
  A dart slug (D:1)
  4 ball pythons (D:1)
  3 bats (D:1)
  5 endoplasms
  2 giant cockroaches (D:1)
  2 goblins (D:1)
  4 hobgoblins
  3 jackals (D:1)
  4 kobolds
  2 quokkas (D:1)
  2 frilled lizards (D:1)
  5 rats (D:1)
42 creatures vanquished.

Notes
Turn   | Place    | Note
-------+----------+-------------------------------------------
     0 | D:1      | qw the Gargoyle Fighter began the quest for the Orb.
     0 | D:1      | Reached XP level 1. HP: 14/14 MP: 1/1
     0 | D:1      | 0 ||| qw: Version: 0.2-a-98-g5d7165a
     0 | D:1      | 0 ||| qw: Game counter: 75
     0 | D:1      | 0 ||| qw: Always use a shield: true
     0 | D:1      | 0 ||| qw: God list: Okawaru
     0 | D:1      | 0 ||| qw: Allow faded altars: false
     0 | D:1      | 0 ||| qw: Do Orc after D:15 true
     0 | D:1      | 0 ||| qw: Do second Lair branch before Depths: true
     0 | D:1      | 0 ||| qw: Lair rune preference: random
     0 | D:1      | 0 ||| qw: Plans: Normal, Zot:1-4, God:TSO, Crypt, Tomb,
                  | Pan, Slime:5, Hells, Abyss, Win
     0 | D:1      | 0 ||| PLANNING D:1-11
    24 | D:1      | Reached skill level 2 in Axes
    70 | D:1      | 70 ||| Stepping ~*~*~tactically~*~*~ (hiding).
    71 | D:1      | 71 ||| Stepping ~*~*~tactically~*~*~ (hiding).
    83 | D:1      | Reached XP level 2. HP: 19/19 MP: 2/2
   284 | D:1      | 284 ||| Stepping ~*~*~tactically~*~*~ (hiding).
   390 | D:1      | Reached skill level 3 in Axes
   487 | D:1      | Reached XP level 3. HP: 23/23 MP: 3/3
   512 | D:1      | 512 ||| Stepping ~*~*~tactically~*~*~ (stealth).
   553 | D:1      | 553 ||| Stepping ~*~*~tactically~*~*~ (stealth).
   811 | D:1      | 811 ||| READING scroll labelled HANAGG EJORHYA.
   812 | D:1      | 812 ||| READING scroll labelled ALUKIHAEPLI.
   813 | D:1      | 813 ||| READING scroll labelled UROLAA YTHRU.
  1100 | D:2      | Reached XP level 4. HP: 28/28 MP: 4/4
  1149 | D:2      | Reached skill level 4 in Axes
  1154 | D:2      | HP: 7/28 [gnoll/+0 spear (8)]
  1157 | D:2      | HP: 3/28 [adder (1)]
  1157 | D:2      | HP: 1/28 [gnoll/+0 spear (2)]
  1158 | D:2      | Slain by a gnoll

Levels and vault maps discovered:
D:1:      saegor_arrival_miasma, layout_basic, minmay_pentomino_w2
D:2:      minmay_angry_zag, layout_loops_cross, serial_shops,
          nicolae_shop_mannequins, nicolae_half_adder

Skill      XL: |  1  2  3  4 |
---------------+-------------+-----
Axes           | 2 3 4 |  4.2
Fighting       | |  3.2
Armour         | |  3.2
Shields        | |  3.2

Action                     |  1- 3 |  4- 6 || total
---------------------------+-------+-------++-------
  Melee: War axe           |   115 |    15 ||   130
    Use: Scroll            |     3 |       ||     3
 Armour: Scale mail        |    59 |     9 ||    68
  Dodge: Dodged            |    47 |    13 ||    60
  Block: Buckler           |    20 |    10 ||    30

Table legend:
 A = Non-vault XP
 B = Vault XP
 C = Vault XP percentage of total XP
 D = Non-vault monster count
 E = Vault monster count
 F = Vault count percentage of total count
                 A         B        C        D         E       F
            +---------+---------+-------+---------+---------+-------
      Total |      98 |      34 |  25.8 |      36 |       6 |  14.3
            +---------+---------+-------+---------+---------+-------
        D:1 |      46 |       3 |   6.1 |      28 |       2 |   6.7
        D:2 |      52 |      31 |  37.3 |       8 |       4 |  33.3
            +---------+---------+-------+---------+---------+-------
